 Dungeon Crawl Stone Soup version 0.30-a0-672-gc3a7216ad8 (webtiles) character file.

Game seed: 6282473995635864248

492 Absynth the Covert (level 7, -2/40 HPs)
             Began as a Kobold Brigand on Jan 18, 2023.
             Slain by a kobold
             ... wielding a +0 dagger
              (3 damage)
             ... while paralysed by Grinder
             ... in a sewer.
             The game lasted 00:15:54 (3957 turns).

Absynth the Covert (Kobold Brigand)                 Turns: 3957, Time: 00:15:55

Health: -2/40      AC:  8    Str:  9    XL:     7   Next: 37%
Magic:  7/7        EV:  3    Int: 14    God:
Gold:   258        SH:  0    Dex: 22    Spells: 6/6 levels left

rFire   . . .      SeeInvis .    n - +3 dagger (holy)
rCold   . . .      Faith    .    (no shield)
rNeg    . . .      Spirit   .    b - +0 robe
rPois   .          Reflect  .    (no helmet)
rElec   .          Harm     .    C - +1 cloak {Stlth+}
rCorr   .          Rampage  .    (no gloves)
Will    .....                    (no boots)
Stlth   ++++++                   s - amulet of the acrobat
HPRegen 0.26/turn                m - +4 ring of protection
MPRegen 0.10/turn                x - +6 ring of dexterity

@: paralysed, hasted
A: small, no large weapons, nightstalker 3
a: no special abilities


You were in a sewer.
You visited 1 branch of the dungeon, and saw 4 of its levels.
You also visited: Sewer.

You collected 258 gold pieces.

Inventory:

Hand Weapons
 a - a +2 dagger
 n - a +3 dagger of holy wrath (weapon)
 B - a +0 dagger of flaming
Missiles
 d - 11 poisoned darts (quivered)
 e - 3 curare-tipped darts
 o - 6 atropa-tipped darts
Armour
 b - a +0 robe (worn)
 C - a +1 cloak of stealth (worn)
Jewellery
 i - an amulet of regeneration
 k - a ring of flight
 l - a ring of fire
 m - a +4 ring of protection (left hand)
 s - an amulet of the acrobat (around neck)
 v - an amulet of reflection
 x - a +6 ring of dexterity (right hand)
Wands
 t - a wand of roots (9)
 y - a wand of mindburst (10)
Scrolls
 f - 3 scrolls of fear {unknown}
 g - a scroll of immolation {unknown}
 h - a scroll of blinking {unknown}
 j - a scroll of poison {unknown}
 u - a scroll of identify {unknown}
 w - a scroll of teleportation {unknown}
Potions
 p - 2 potions of haste
 q - a potion of heal wounds {unknown}
 r - a potion of degeneration {unknown}
 z - a potion of might {unknown}
 A - a potion of flight {unknown}


   Skills:
 - Level 2.1 Fighting
 + Level 6.3 Short Blades
 - Level 2.1 Throwing
 + Level 4.5 Dodging
 + Level 8.2 Stealth


You had 6 spell levels left.
You didn't know any spells.
Your spell library contained the following spells:

 Spells                   Type           Power      Damage    Failure   Level
 Kindle Blastsparks       Fire/Tloc/Air  0%         2d10      65%         3
 Fulminant Prism          Conj/Hex       0%         3d5       96%         4
 Iskenderun's Mystic Bla  Conj/Tloc      0%         2d3       96%         4
 Lee's Rapid Deconstruct  Erth           0%         3d4*      100%        5


Dungeon Overview and Level Annotations

Branches:
Dungeon (4/15)              Sewer (1/1)
 Temple: D:4-7

Altars:
The Shining One

Shops:
D:1 [   D:3 *

Annotations:
Sewer Grinder


Innate Abilities, Weirdness & Mutations

You are small and have problems with some larger weapons.
You are completely attuned to the shadows.


Message History

You hit Grinder but do no damage. You hit Grinder.
Grinder convulses.
Grinder is moderately wounded.
The kobold misses you.
Grinder blinks!
Okay, then.
You're wearing all the rings you can.
Remove which one? (? for menu, Esc to cancel) < or
k - a ring of flight; > or
x - a +6 ring of dexterity You remove your ring of flight.
You float gracefully downwards.
m - a +4 ring of protection (left hand)
You closely miss the kobold. Your punch misses the kobold.
The kobold barely misses you.
You hit Grinder.
Grinder convulses.
Grinder is moderately wounded.
You hit Grinder.
Grinder convulses.
Grinder is severely wounded.
The kobold misses you. Grinder gestures at you.
You struggle to resist.
You hit Grinder.
Grinder convulses.
Grinder is severely wounded.
You barely miss Grinder.
Grinder is severely wounded.
The kobold hits you with a +0 dagger.
* * * LOW HITPOINT WARNING * * *
Grinder gestures at you. You resist with significant effort.
You hit Grinder.
Grinder convulses.
Grinder is almost dead.
You hit Grinder.
Grinder convulses.
Grinder is almost dead.
The kobold barely misses you. Grinder gestures at you.
You suddenly lose the ability to move!
The kobold hits you but does no damage. Grinder hits you!
* * * LOW HITPOINT WARNING * * *
You writhe in agony.
* * * LOW HITPOINT WARNING * * *
The kobold hits you with a +0 dagger.
You die...

#≈. #≈. #≈. #≈) #+++#
#≈)
#########.....##~~
##≈≈≈≈≈≈#...⌠..###.
###!K....†'.⌠.....#..
#∩[(@5....'..._.⌠.'..
###!......'.⌠....)#..
##≈≈≈≈≈≈#...⌠..###.
#########.....##~.
##'''###~~ #~...≈##~.
#~...≈##≈~ #≈...≈##≈.
#≈...≈##≈~


You could see Grinder and a kobold.

Vanquished Creatures
  An ogre (D:4)
  A phantom (Sewer)
  A scorpion (D:4)
  A hound (D:4)
  3 gnolls (D:2)
  2 river rats (D:4)
  8 adders
  3 ufetubi (Sewer)
  An adder zombie (Sewer)
  A dart slug (D:2)
  5 orcs
  3 ball pythons
  2 bats
  6 endoplasms
  3 giant cockroaches
  5 goblins
  13 hobgoblins
  4 jackals (D:2)
  5 quokkas
  A frilled lizard (D:2)
  29 kobolds
  A kobold zombie (Sewer)
  6 rats
105 creatures vanquished.

Notes
Turn   | Place    | Note
-------+----------+-------------------------------------------
     0 | D:1      | Absynth the Kobold Brigand began the quest for the Orb.
     0 | D:1      | Reached XP level 1. HP: 12/12 MP: 1/1
   131 | D:1      | Reached XP level 2. HP: 17/17 MP: 2/2
   579 | D:1      | Reached XP level 3. HP: 21/21 MP: 3/3
   674 | D:1      | Found Ipeik's Antique Armour Shop.
  1132 | D:2      | Reached skill level 6 in Stealth
  1421 | D:2      | Found a glowing golden altar of the Shining One.
  1425 | D:2      | Reached XP level 4. HP: 26/26 MP: 4/4
  1924 | D:2      | Reached XP level 5. HP: 30/30 MP: 5/5
  2140 | D:3      | Found Zuemyn's General Store.
  2640 | D:3      | Reached skill level 7 in Stealth
  2928 | D:3      | Found a faded altar of an unknown god.
  3121 | D:4      | Found a glowing golden altar of the Shining One.
  3210 | D:4      | Reached skill level 5 in Short Blades
  3319 | D:4      | Reached XP level 6. HP: 35/35 MP: 6/6
  3559 | D:4      | Noticed an ogre
  3574 | D:4      | Killed an ogre
  3617 | D:4      | Found a glowing drain.
  3626 | D:4      | Reached XP level 7. HP: 37/40 MP: 7/7
  3631 | Sewer    | Entered a sewer
  3748 | Sewer    | Reached skill level 8 in Stealth
  3819 | Sewer    | Found an ancient bone altar of Kikubaaqudgha.
  3934 | Sewer    | Noticed Grinder
  3939 | Sewer    | Paralysed by Grinder for 4 turns
  3955 | Sewer    | Paralysed by Grinder for 3 turns
  3956 | Sewer    | HP: 1/40 [Grinder (4)]
  3957 | Sewer    | Slain by a kobold

Illustrated notes

Levels and vault maps discovered:
D:1:      eino_arrival_water_cross, layout_loops_corners, serial_shops,
          nicolae_shop_hallway_stairs, corexii_leaking_fountain
D:2:      layout_basic, basic_altar
D:3:      layout_basic, serial_shops, shop,
          hellmonk_ecumenical_altar_defaced_shrine, minmay_misc_feat_pillars
D:4:      layout_loops_corners, kennysheep_mini, lemuel_doored_altar,
          portal_sewer_entry_b, uniq_natasha
Sewer:    kennysheep_sewer_church

Skill      XL: |  1  2  3  4  5  6  7 |
---------------+----------------------+-----
Short Blades   | 3 4 5 6 |  6.3
Stealth        | 6 7 8 |  8.2
Dodging        | 2 3 4 |  4.5
Fighting       | |  2.1
Throwing       | |  2.1

Action                   |  1- 3 |  4- 6 |  7- 9 || total
-------------------------+-------+-------+-------++-------
Melee: Dagger            |    62 |    90 |    82 ||   234
       Punch             |       |     4 |       ||     4
Throw: Dart              |       |     6 |       ||     6
  Use: Potion            |       |       |     1 ||     1
 Stab: Sleeping          |    18 |    31 |     3 ||    52
       Distracted        |       |       |     1 ||     1
Armor: Robe              |    10 |     5 |    12 ||    27
Dodge: Dodged            |    25 |    61 |    80 ||   166

Table legend: (Time is in decaauts)
 A = Elapsed time spent in this place.
 B = Non-inter-level travel time spent in this place.
 C = Inter-level travel time spent in this place.
 D = Time resting spent in this place.
 E = Time spent auto-exploring this place.
 F = Levels seen in this place.
 G = Mean time per level.
                   A        B        C        D        E       F      G
               +--------+--------+--------+--------+--------+-----+--------+
         Total |   3891 |   3702 |    189 |    112 |   2444 |   5 |  778.2 |
       Dungeon |   3595 |   3406 |    189 |    102 |   2444 |   4 |  898.8 |
         Sewer |    295 |    295 |      0 |     10 |      0 |   1 |  295.0 |
               +--------+--------+--------+--------+--------+-----+--------+

Top non-repeatable levels by time:
     D:1: 1101 daAuts
     D:3: 1050 daAuts
     D:2: 926 daAuts
     D:4: 517 daAuts
   Sewer: 295 daAuts
